 Dungeon Crawl Stone Soup version 0.28-a0-1616-g050a50673c (webtiles) character file.

Game seed: 10134366326352218921

701 grumblor the Sneak (level 7, -2/47 HPs)
             Began as an Octopode Transmuter on Jan 22, 2022.
             Slain by Menkaure (14 damage)
             ... on level 5 of the Dungeon.
             The game lasted 00:05:17 (5704 turns).

grumblor the Sneak (Octopode Transmuter)            Turns: 5704, Time: 00:05:18

Health: -2/47      AC:  1    Str:  9    XL:     7   Next: 66%
Magic:  10/10      EV: 14    Int: 15    God:
Gold:   149        SH:  5    Dex: 15    Spells: 9/10 levels left

rFire   . . .      SeeInvis .   b - +3 dagger (venom)
rCold   . . .      Faith    .   (no shield)
rNeg    . . .      Spirit   .   (helmet restricted)
rPois   .          Reflect  +   k - amulet of reflection
rElec   .          Harm     .   c - ring of willpower
rCorr   .          Rampage  .   (no ring)
Will    +....                   (no ring)
Stlth   ++++......              (no ring)
HPRegen 0.15/turn               (no ring)
MPRegen 0.12/turn               (no ring)
                                (no ring)
                                (no ring)

@: mighty
A: almost no armour, amphibious, 8 rings, camouflage 1, gelatinous body 1,
(nimble swimmer 1), tentacles
a: no special abilities


You were on level 5 of the Dungeon.
You visited 1 branch of the dungeon, and saw 5 of its levels.

You collected 149 gold pieces.

Inventory:

Hand Weapons
 b - a +3 dagger of venom (weapon)
Missiles
 g - 4 boomerangs
Jewellery
 c - a ring of willpower (left tentacle)
 k - an amulet of reflection (around mantle)
 l - a ring of resist corrosion
Scrolls
 h - a scroll of teleportation
Potions
 d - a potion of cancellation
 e - a potion of resistance
 f - a potion of heal wounds
 i - a potion of ambrosia {unknown}
 j - 2 potions of curing


   Skills:
 * Level 3.8 Fighting
 - Level 2.0 Short Blades
 * Level 1.2 Throwing
 * Level 4.3 Dodging
 * Level 6.7 Stealth
 - Level 3.0 Unarmed Combat
 + Level 2.4 Spellcasting
 + Level 2.2 Transmutations


You had 9 spell levels left.
You knew the following spells:

 Your Spells              Type           Power      Damage    Failure   Level
a - Beastly Appendage     Tmut           16%        N/A       9%          1

Your spell library contained the following spells:

 Spells                   Type           Power      Damage    Failure   Level
 Wereblood                Tmut           8%         N/A       13%         2
 Spider Form              Tmut/Pois      5%         N/A       38%         3
 Ice Form                 Ice/Tmut       5%         N/A       80%         4


Dungeon Overview and Level Annotations

Branches:
Dungeon (5/15)
 Temple: D:4-7

Altars:
Ashenzari

Shops:
D:2 :

Annotations:
D:5 Menkaure


Innate Abilities, Weirdness & Mutations

You cannot wear most types of armour.
You are amphibious.
You can wear up to eight rings at the same time.
Your skin changes colour to match your surroundings (Stealth+).
Your rubbery body absorbs attacks. (AC +1, EV +1)
((You are camouflaged when in or above water. (Stealth+)))
You have tentacles for arms and can constrict up to eight enemies at once.


Message History

(D) Dungeon
Where to? (Enter - D:4, ? - help)
There is a stone staircase leading down here.
You climb downwards.
You hear the sound of rushing water.
There is an entrance to a sewer on this level.
Hurry and find it before the portal rusts away!
There is a stone staircase leading up here.
The helpless ice beast fails to defend itself.
You impale the ice beast!!
You kill the ice beast!
No target in view!
No target in view!
No target in view!
Okay, then.
Okay, then.
As you read the scroll of identify, it crumbles to dust.
a - a potion of might
As you read the scroll of identify, it crumbles to dust.
d - a potion of cancellation You open the door.
There is an open door here.
j - 2 potions of curing
Found 19 arrows.
Menkaure, Prince of Dust comes into view.
You aren't carrying any items that you can evoke.
Okay, then.
Okay, then.
Menkaure shouts!
You feel very mighty all of a sudden.
Menkaure mumbles some strange words.
Menkaure seems to speed up.
Found a pair of boots.
Menkaure hits you!
You hit Menkaure. You grab Menkaure.
Menkaure is lightly damaged.
You constrict Menkaure, but do no damage.
Menkaure murmurs in an indecipherable tongue.
Menkaure hits you!!
* * * LOW HITPOINT WARNING * * *
Menkaure hits you!
You die...

#..# ...# #..#
###..# [... +# #
#.####..#
..######.......###
..........@M......
.##....#####..#..
#.....+ ..#
#.....######. #
#.###........ #
###.####.#.
#........# #
#.#.####.# #####
#.#.#.#


You could see Menkaure (fast).

Vanquished Creatures
  A water moccasin (D:3)
  An ice beast (D:5)
  A black bear (D:4)
  A necrophage (D:2)
  2 water moccasin skeletons (D:3)
  2 hounds
  A bullfrog skeleton (D:4)
  An iguana (D:4)
  A hound skeleton (D:4)
  5 adders
  A worm (D:4)
  7 orcs
  3 bats
  9 endoplasms
  A giant cockroach (D:1)
  2 hobgoblins
  6 kobolds
  2 quokkas
  4 ball pythons
  4 frilled lizards
  4 goblins
  7 rats
66 creatures vanquished.

Notes
Turn   | Place    | Note
-------+----------+-------------------------------------------
     0 | D:1      | grumblor the Octopode Transmuter began the quest for the
                  | Orb.
     0 | D:1      | Reached XP level 1. HP: 13/13 MP: 3/3
   154 | D:1      | Reached XP level 2. HP: 13/18 MP: 5/5
   390 | D:1      | Found a faded altar of an unknown god.
   651 | D:2      | Found Sossa's Book Shop.
   935 | D:2      | Reached skill level 1 in Short Blades
   935 | D:2      | Reached XP level 3. HP: 4/23 MP: 6/6
  1825 | D:3      | Reached skill level 1 in Stealth
  2401 | D:3      | Reached XP level 4. HP: 12/29 MP: 7/7
  2757 | D:3      | Noticed a necrophage
  2774 | D:2      | Killed a necrophage
  2775 | D:2      | Reached skill level 2 in Stealth
  2775 | D:2      | Reached XP level 5. HP: 22/35 MP: 8/8
  3409 | D:3      | Noticed a water moccasin
  3425 | D:3      | Killed a water moccasin
  3426 | D:3      | Reached skill level 4 in Stealth
  3426 | D:3      | Reached XP level 6. HP: 21/42 MP: 9/9
  4397 | D:4      | Found a broken altar of Ashenzari.
  4475 | D:4      | Reached skill level 5 in Stealth
  4574 | D:4      | Reached XP level 7. HP: 40/46 MP: 10/10
  5041 | D:4      | Reached skill level 1 in Throwing
  5041 | D:4      | Reached skill level 6 in Stealth
  5671 | D:5      | Entered Level 5 of the Dungeon
  5699 | D:5      | Noticed Menkaure
  5704 | D:5      | Slain by Menkaure

Illustrated notes

Levels and vault maps discovered:
D:1:      doesnt_arrival_eight_statues, layout_basic,
          shapermc_ecumenical_altar_mp_ritualfount, minivault_4,
          chequers_decorated_corner
D:2:      layout_basic, serial_shops, shop, minmay_surrounded
D:3:      layout_basic
D:4:      nicolae_BIG_FREAKIN_CUBE, layout_basic, mainiacjoe_overflow_chevrons,
          st_stairs_8, minmay_between
D:5:      layout_basic, minmay_temple_entry_waves, serial_shops,
          kennysheep_mini, portal_sewer_entry_b, kennysheep_generic_room_8,
          uniq_menkaure

Skill      XL: |  1  2  3  4  5  6  7 |
---------------+----------------------+-----
Short Blades   | 1 2 |  2.0
Stealth        | 1 2 4 5 6 |  6.7
Fighting       | 2 3 |  3.8
Dodging        | 3 4 |  4.3
Throwing       | 1 |  1.2
Unarmed Combat | |  3.0
Spellcasting   | |  2.4
Transmutations | |  2.2

Action                   |  1- 3 |  4- 6 |  7- 9 || total
-------------------------+-------+-------+-------++-------
Melee: Dagger            |    46 |    67 |    31 ||   144
       Unarmed           |     7 |       |       ||     7
       Constrict         |    15 |    15 |     6 ||    36
       Punch             |     2 |     2 |     2 ||     6
       Tentacles         |    13 |    19 |    11 ||    43
  Use: Scroll            |     5 |     1 |     3 ||     9
       Potion            |       |     2 |     1 ||     3
 Stab: Sleeping          |     3 |     5 |     6 ||    14
Armor: Skin              |     6 |     3 |     2 ||    11
Dodge: Dodged            |    24 |    39 |    14 ||    77
Block: Other             |       |       |     2 ||     2

Table legend: (Time is in decaauts)
 A = Elapsed time spent in this place.
 B = Non-inter-level travel time spent in this place.
 C = Inter-level travel time spent in this place.
 D = Time resting spent in this place.
 E = Time spent auto-exploring this place.
 F = Levels seen in this place.
 G = Mean time per level.
                   A        B        C        D        E       F      G
               +--------+--------+--------+--------+--------+-----+--------+
         Total |   5690 |   5551 |    139 |   1467 |   3612 |   5 | 1138.0 |
       Dungeon |   5690 |   5551 |    139 |   1467 |   3612 |   5 | 1138.0 |
               +--------+--------+--------+--------+--------+-----+--------+

Top non-repeatable levels by time:
     D:3: 2233 daAuts
     D:2: 1496 daAuts
     D:4: 1283 daAuts
     D:1: 644 daAuts
     D:5: 32 daAuts
